 Dungeon Crawl Stone Soup version 0.23.1 (webtiles) character file.

Game seed: 0

292 Borgoz the Skirmisher (level 6, -1/52 HPs)
             Began as a Ghoul Monk on Mar 16, 2019.
             Slain by an ogre
             ... wielding a +0 giant club
              (16 damage)
             ... on level 5 of the Dungeon.
             The game lasted 00:06:55 (3285 turns).

Borgoz the Skirmisher (Ghoul Monk)                  Turns: 3285, Time: 00:06:55

Health: -1/52      AC:  6    Str: 15    XL:     6   Next: 33%
Magic:  5/5        EV: 12    Int:  6    God:
Gold:   95         SH:  0    Dex: 12    Spells: 5/5 levels left

rFire    + . .     SeeInvis .   i - +5 dagger
rCold    + . .     Gourm    .   (no shield)
rNeg     + + +     Faith    .   h - +0 ring mail {rF+}
rPois    ∞         Spirit   .   s - +0 helmet
rElec    .         Reflect  .   (no cloak)
rCorr    .         Harm     .   (no gloves)
MR       .....                  (no boots)
Stlth    ++........             (no amulet)
HPRegen  0.00/turn              (no ring)
MPRegen  0.09/turn              (no ring)

@: rotting
A: rotting body, claws 1, carnivore, cold resistance 1, negative energy
resistance 3, inhibited regeneration, torment resistance, unbreathing
a: no special abilities


You were on level 5 of the Dungeon.
You were not hungry.

You visited 1 branch of the dungeon, and saw 5 of its levels.

You collected 95 gold pieces.

Inventory:

Hand Weapons
 i - a +5 dagger (weapon)
Missiles
 e - 16 poisoned needles
Armour
 h - a +0 ring mail of fire resistance (worn)
 s - a +0 helmet (worn)
Scrolls
 a - 2 scrolls of enchant weapon
 d - a scroll of fear
 j - a scroll of remove curse
 l - 2 scrolls of identify
 t - a scroll of magic mapping
Potions
 b - a potion of magic
 f - a potion of cancellation {unknown}
 g - a potion of degeneration {unknown}
 k - 2 potions of agility
 m - 2 potions of heal wounds {unknown}
 n - a potion of lignification {unknown}
 o - a potion of curing {unknown}
 q - 3 potions of mutation {unknown}
 r - a potion of berserk rage {unknown}
Comestibles
 c - 11 rations


   Skills:
 + Level 4.1 Fighting
 * Level 3.9 Short Blades
 * Level 2.3 Armour
 * Level 3.9 Dodging
 + Level 3.3 Stealth


You had 5 spell levels left.
You didn't know any spells.
Your spell library was empty.

Dungeon Overview and Level Annotations

Branches:
Dungeon (5/15)
 Temple: D:4-7

Altars:
Elyvilon
Fedhas
Hepliaklqana
Kikubaaqudgha
Zin

Shops:
D:4 ?


Innate Abilities, Weirdness & Mutations

Your body is rotting away.
You thrive on raw meat.
You are immune to poison.
You have sharp fingernails.
You are carnivorous and can eat meat at any time.
Your flesh is cold resistant. (rC+)
You are immune to negative energy. (rN+++)
You do not regenerate when monsters are visible.
You are immune to unholy pain and torment.
You can survive without breathing.


Message History

You hit the ogre.
The ogre is moderately wounded.
The ogre hits you with a +0 giant club!
You hit the ogre.
The ogre is moderately wounded.
You hit the ogre.
The ogre is heavily wounded.
The ogre closely misses you.
You hit the ogre but do no damage.
The ogre is heavily wounded.
You hit the ogre.
The ogre is severely wounded.
The ogre hits you with a +0 giant club!!
* * * LOW HITPOINT WARNING * * *
You are too injured to fight recklessly!
You are too injured to fight recklessly!
You hit the ogre.
The ogre is severely wounded.
The ogre hits you with a +0 giant club!
You die...

#+# #.# #.#
#)#
...#######.###
.....oO@..<..#
.............#
.............#
#..#.......###
.............
#..#.#####.###
..... ...
####. #...


You could see an ogre and an orc.

Vanquished Creatures
  A howler monkey (D:4)
  A hound (D:4)
  A bullfrog skeleton (D:4)
  A worker ant (D:4)
  Robin (D:3)
  3 gnolls
  4 adders
  2 worms (D:4)
  3 leopard geckos
  5 orcs
  A ball python (D:2)
  6 giant cockroaches
  13 goblins
  9 hobgoblins
  3 jackals (D:4)
  2 quokkas
  5 bats
  2 frilled lizards
  12 kobolds
  2 leopard gecko skeletons (D:4)
  8 rats
  A fungus (D:3)
86 creatures vanquished.

Notes
Turn   | Place    | Note
-------+----------+-------------------------------------------
     0 | D:1      | Borgoz the Ghoul Monk began the quest for the Orb.
     0 | D:1      | Reached XP level 1. HP: 19/19 MP: 0/0
   233 | D:1      | Reached XP level 2. HP: 24/26 MP: 1/1
   827 | D:2      | Reached XP level 3. HP: 27/31 MP: 2/2
   987 | D:2      | Reached skill level 1 in Armour
  1530 | D:2      | Reached XP level 4. HP: 14/39 MP: 3/3
  1774 | D:3      | Found a blossoming altar of Fedhas.
  2091 | D:3      | Noticed Robin
  2116 | D:3      | Reached XP level 5. HP: 40/46 MP: 4/4
  2162 | D:3      | Killed Robin
  2375 | D:4      | Found a glowing silver altar of Zin.
  2539 | D:4      | Reached skill level 4 in Fighting
  2575 | D:4      | Reached XP level 6. HP: 50/52 MP: 5/5
  2654 | D:4      | Found a white marble altar of Elyvilon.
  2998 | D:4      | Found Futtidd's Magic Scroll Boutique.
  3213 | D:4      | Found an ancient bone altar of Kikubaaqudgha.
  3213 | D:4      | Found a hazy altar of Hepliaklqana.
  3275 | D:5      | Entered Level 5 of the Dungeon
  3285 | D:5      | Slain by an ogre

Skill      XL: |  1  2  3  4  5 |
---------------+----------------+-----
Short Blades   | 3 |  3.9
Dodging        | 3 |  3.9
Armour         | 1 2 |  2.3
Stealth        | 3 |  3.3
Fighting       | 4 |  4.1

Action                   |  1- 3 |  4- 6 || total
-------------------------+-------+-------++-------
Melee: Short sword       |    33 |       ||    33
       Dagger            |    95 |   187 ||   282
  Use: Scroll            |       |    10 ||    10
 Stab: Sleeping          |     2 |       ||     2
       Distracted        |       |     1 ||     1
  Eat: Chunk             |     5 |     5 ||    10
Armor: Robe              |     5 |       ||     5
       Ring mail         |    30 |    39 ||    69
Dodge: Dodged            |    69 |    79 ||   148
